 Dungeon Crawl Stone Soup version 0.21-a0-39-g28ea6b7 (webtiles) character file.

321 tof the Poker (level 6, 0/47 HPs)
             Began as a Merfolk Gladiator on June 1, 2017.
             Slain by a bat (1 damage)
             ... summoned by Eustachio
             ... on level 4 of the Dungeon.
             The game lasted 00:07:34 (3925 turns).

tof the Poker (Merfolk Gladiator)                   Turns: 3925, Time: 00:07:34

Health: 0/47       AC: 13    Str: 15    XL:     6   Next: 46%
Magic:  6/6        EV:  7    Int:  8    God:
Gold:   234        SH:  0    Dex: 16    Spells: 5/5 levels left

rFire    . . .     SeeInvis .   a - +0 trident
rCold    . . .     Gourm    .   (no shield)
rNeg     . . .     Faith    .   o - +0 chain mail (curse)
rPois    .         Spirit   .   t - +2 helmet
rElec    .         Reflect  .   w - +1 cloak
rCorr    .         Harm     .   (no gloves)
MR       .....                  (no boots)
Stlth    ..........             (no amulet)
Regen    0.2/turn               (no ring)
MPRegen  0.1/turn               (no ring)

@: very heavily drained
A: change form in water, swift swim, stealthy swim
a: no special abilities


You were on level 4 of the Dungeon.
You were not hungry.

You visited 1 branch of the dungeon, and saw 4 of its levels.

You collected 234 gold pieces.

Inventory:

Hand Weapons
 a - a +0 trident (weapon)
Missiles
 d - 3 throwing nets (quivered)
 e - 22 poisoned needles
 m - 4 needles of confusion
Armour
 b - a +0 leather armour
 c - a +1 helmet
 o - a cursed +0 chain mail (worn)
 t - a +2 helmet (worn)
 w - a +1 cloak (worn)
Wands
 s - a wand of flame (28/48)
Scrolls
 g - a scroll of amnesia {unknown}
 h - a scroll of remove curse
 j - a scroll of recharging {unknown}
 l - 2 scrolls of teleportation {unknown}
 n - 2 scrolls of enchant weapon {unknown}
 v - a scroll of noise {unknown}
 x - a scroll of fog {unknown}
Potions
 i - 2 potions of flight
 k - a potion of resistance
 q - a potion of brilliance {unknown}
 r - a potion of curing {unknown}
Comestibles
 f - 5 bread rations
 p - 7 fruits
 u - a royal jelly
 z - 2 chunks of flesh


   Skills:
 + Level 3.6(0.5) Fighting
 * Level 7.1(3.7) Polearms
 + Level 3.5(0.4) Throwing
 + Level 5.5(2.3) Dodging


You had 5 spell levels left.
You didn't know any spells.

Dungeon Overview and Level Annotations

Branches:
Dungeon (4/15)
 Temple: D:4-7

Altars:
Fedhas
Uskayaw
The Shining One

Annotations:
D:4 Eustachio


Message History

The bat hits you but does no damage. The white imp gestures at you.
The puff of frost hits you!
* * * LOW HITPOINT WARNING * * *
Found a scroll of identify and 8 steel javelins.
The bat hits you but does no damage. The white imp gestures at you.
The puff of frost hits you!
* * * LOW HITPOINT WARNING * * *
The bat hits you but does no damage. The rat barely misses you.
The quokka barely misses you.
Your chain mail prevents you from hitting the white imp.
The bat hits you.
* * * LOW HITPOINT WARNING * * *
The bat hits you but does no damage. The white imp hits you.
* * * LOW HITPOINT WARNING * * *
The white imp freezes you.
* * * LOW HITPOINT WARNING * * *
The bat hits you.
You die...

#......##.#####..#
#................#
#.....#.##.####.##
#.....#.##..###.###
#.....#...#.##....#
#########.#..#..#@#
#.......#.#
####..5.#b# # #
##r@.#.# ...
?...#bbr#.#.....
......ยงยงยง5........
........>##.......
.......... .......
##+#####....?#+#..
+.....# # #..(..#
#......


You could see an iron imp, a white imp, a quokka, 2 bats and a rat.

Vanquished Creatures
  2 hounds (D:4)
  Jessica (D:3)
  An iguana (D:3)
  A worker ant (D:4)
  Robin (D:3)
  7 adders (D:2)
  An ooze (D:2)
  3 worms
  2 dart slugs (D:2)
  2 leopard geckos (D:2)
  4 orcs (D:3)
  A giant cockroach (D:3)
  9 goblins
  9 hobgoblins
  17 jackals
  3 quokkas
  9 bats
  8 frilled lizards
  7 kobolds (D:1)
  6 rats
94 creatures vanquished.

Notes
Turn   | Place    | Note
-------+----------+-------------------------------------------
     0 | D:1      | tof the Merfolk Gladiator began the quest for the Orb.
     0 | D:1      | Reached XP level 1. HP: 16/16 MP: 1/1
   208 | D:1      | Reached XP level 2. HP: 17/23 MP: 2/2
   416 | D:1      | Reached XP level 3. HP: 10/28 MP: 3/3
   917 | D:1      | Reached skill level 5 in Polearms
  1290 | D:2      | Reached XP level 4. HP: 11/34 MP: 4/4
  2143 | D:2      | Reached skill level 5 in Dodging
  2221 | D:2      | Reached XP level 5. HP: 29/40 MP: 5/5
  2721 | D:2      | Reached skill level 6 in Polearms
  2869 | D:3      | Found a blossoming altar of Fedhas.
  2954 | D:3      | Noticed Jessica
  2961 | D:3      | Noticed Robin
  2961 | D:3      | Killed Jessica
  2984 | D:3      | Killed Robin
  3291 | D:3      | Found a glowing golden altar of the Shining One.
  3355 | D:3      | Reached XP level 6. HP: 31/47 MP: 6/6
  3513 | D:3      | Found a hide-covered altar of Uskayaw.
  3810 | D:4      | Reached skill level 7 in Polearms
  3876 | D:4      | Noticed Eustachio
  3925 | D:4      | HP: 1/47 [white imp[Eustachio] (2)]
  3925 | D:4      | Slain by a bat

Vault maps used:
D:1:      dpeg_arrival_windows_large_door
D:3:      fedhas_altar_fruit_tree, lemuel_round_altar,
          nicolae_overflow_crystal_walls, first_bread, uniq_robin, uniq_jessica
D:4:      uniq_eustachio

Skill      XL: |  1  2  3  4  5  6 |
---------------+-------------------+-----
Polearms       | 5 6 7 |  7.1
Dodging        | 5 |  5.5
Throwing       | 3 |  3.5
Fighting       | 3 |  3.6

Action                   |  1- 3 |  4- 6 || total
-------------------------+-------+-------++-------
Melee: Trident           |   147 |   281 ||   428
  Use: Scroll            |     3 |       ||     3
 Stab: Sleeping          |     4 |     1 ||     5
  Eat: Chunk             |     1 |     9 ||    10
Armor: Leather armour    |    38 |     2 ||    40
       Chain mail        |       |   203 ||   203
Dodge: Dodged            |    93 |   126 ||   219
